 Dungeon Crawl Stone Soup version 0.32-a0-909-gc671339a80 (webtiles) character file.

Game seed: 16477193940529453177

113 Esekla the Vexing (level 4, -2/33 HPs)
             Began as a Demonspawn Wanderer on Apr 6, 2024.
             Slain by a black bear (4 damage)
             ... on level 3 of the Dungeon.
             The game lasted 00:14:07 (3215 turns).

Esekla the Vexing (Demonspawn Wanderer)             Turns: 3215, Time: 00:14:08

Health: -2/33      AC:  6    Str: 11    XL:     4   Next: 65%
Magic:  1/7        EV: 11    Int: 17    God:
Gold:   212        SH:  0    Dex: 11    Spells: 2/7 levels left

rFire   . . .        i - +0 dagger
rCold   . . .        (no shield)
rNeg    . . .        c - +0 robe
rPois   .            (helmet restricted)
rElec   .            (no cloak)
rCorr   .            d - +0 pair of gloves
SInv    .            q - +0 pair of boots
Will    .....        (no amulet)
Stlth   +            (no ring)
HPRegen 0.25/turn    (no ring)
MPRegen 0.10/turn

%: no passive effects
@: very slightly contaminated
A: antennae 1, yellow scales 1, powered by pain 1
a: no special abilities


You were on level 3 of the Dungeon.
You visited 1 branch of the dungeon, and saw 4 of its levels.

You collected 212 gold pieces.

Inventory:

Hand Weapons
 i - a +0 dagger (weapon)
Armour
 c - a +0 robe (worn)
 d - a +0 pair of gloves (worn)
 q - a +0 pair of boots (worn)
Scrolls
 b - 2 scrolls of fear
 e - a scroll of enchant armour {unknown}
 f - a scroll of revelation {unknown}
 g - 2 scrolls of teleportation {unknown}
 h - 3 scrolls of identify {unknown}
 j - a scroll of poison {unknown}
 n - a scroll of blinking {unknown}
 p - a scroll of vulnerability {unknown}
 r - a scroll of noise {unknown}
Potions
 a - 4 potions of curing {unknown}
 k - a potion of heal wounds {unknown}
 l - a potion of brilliance {unknown}
 m - a potion of degeneration {unknown}
 o - a potion of cancellation {unknown}


   Skills:
 * Level 2.0 Fighting
 + Level 0.4 Short Blades
 + Level 2.5 Dodging
 + Level 0.3 Stealth
 * Level 2.0 Spellcasting
 - Level 3.0 Hexes
 + Level 3.0 Translocations
 * Level 0.6 Fire Magic
 * Level 0.3 Air Magic
 * Level 0.1 Alchemy
 + Level 1.2 Invocations


You had 2 spell levels left.
You knew the following spells:

 Your Spells              Type           Power      Damage    Failure   Level
b - Blink                 Tloc           24%        N/A       9%          2
o - Scorch                Fire           6%         2d5       22%         2
p - Apportation           Tloc           24%        N/A       5%          1

Your spell library contained the following spells:

 Spells                   Type           Power      Damage    Failure   Level
 Slow                     Hex            44%        N/A       5%          1
 Sting                    Conj/Alch      8%         1d3       19%         1
 Mercury Vapours          Alch/Air       4%         N/A       26%         2
 Maxwell's Portable Pile  Tloc           12%        2d(6-17)  16%         3
 Confusing Touch          Hex            11%        N/A       17%         3
 Flame Wave               Conj/Fire      2%         2d4       86%         4
 Olgreb's Toxic Radiance  Alch           2%         N/A       87%         4
 Summon Cactus Giant      Summ           0%         N/A       100%        6


Dungeon Overview and Level Annotations

Branches:
Dungeon (4/15)
 Temple: D:4-7

Altars:
Yredelemnul


Innate Abilities, Weirdness & Mutations

You have a pair of small antennae on your head.
You are partially covered in yellow scales. (AC +2)
You sometimes gain a little power by taking damage.


Message History

The black bear barely misses you. x2
The black bear claws you but does no damage.
You hit the black bear but do no damage.
The black bear is heavily wounded.
The black bear bites you.
The black bear claws you but does no damage.
The black bear claws you.
You closely miss the black bear.
The black bear is heavily wounded.
The black bear bites you. The black bear claws you. x2
You hit the black bear but do no damage.
The black bear is heavily wounded.
The black bear barely misses you. x3
You hit the black bear.
The black bear is severely wounded.
The black bear bites you.
* * * LOW HITPOINT WARNING * * *
The black bear claws you.
* * * LOW HITPOINT WARNING * * *
The black bear claws you but does no damage.
You hit the black bear but do no damage.
The black bear is severely wounded.
The black bear bites you.
* * * LOW HITPOINT WARNING * * *
The black bear misses you. The black bear closely misses you.
Casting: Scorch (safe; 22% risk of failure)
Confirm with . or Enter, or press ? or * to list all spells.
You miscast Scorch.
You are very lightly contaminated with residual magic.
Nothing appears to happen.
The black bear closely misses you. The black bear barely misses you.
The black bear claws you.
* * * LOW HITPOINT WARNING * * *
Casting: Scorch (safe; 22% risk of failure)
Confirm with . or Enter, or press ? or * to list all spells.
Okay, then.
You hit the black bear.
The black bear is severely wounded.
The black bear bites you but does no damage.
The black bear closely misses you. The black bear claws you.
You die...

###..###.##..# #.#
#.# #....).#
.........)...# #.#
#.# #.......
##..###.#.#.## #.#
#<# #...##.# #..#
#...#.# #.#
#.####..##.# ##..#
#.###.####.#
#........... ....#
#.# #....#.#
######..##.# ##.##
#.# ####.#.#
#..##.# #.####.###
#.#h# ##......
#........# #.#@#
#..#####
#######.#.####.#.#
#.## ###
......#..........#
#.# #..
....#.###.####.###
#.####..
###.#.###.## #.#
#.......
#.#.##...###.#
######.. #
#............# #..
# ###.##...#####
### # #.###.## #.


You could see a black bear.

Vanquished Creatures
  A hound zombie (D:3)
  4 adders
  An adder zombie (D:3)
  An orc (D:3)
  6 endoplasms
  A giant cockroach (D:2)
  6 goblins
  6 hobgoblins
  9 jackals
  2 quokkas
  3 ball pythons
  4 bats
  2 frilled lizards (D:1)
  3 kobolds
  3 rats
52 creatures vanquished.

Notes
Turn   | Place    | Note
-------+----------+-------------------------------------------
     0 | D:1      | Esekla the Demonspawn Wanderer began the quest for the Orb.
     0 | D:1      | Esekla set off with the following items: a +0 club, a
                  | scroll of fear, a +0 robe, a +0 pair of gloves; and the
                  | following spells available to memorise: Slow, Apportation,
                  | Blink, Confusing Touch, Maxwell's Portable Piledriver.
     0 | D:1      | Reached XP level 1. HP: 13/13 MP: 2/2
   470 | D:1      | Gained mutation: You are partially covered in yellow
                  | scales. (AC +2) [demonic ancestry]
   470 | D:1      | Reached XP level 2. HP: 16/20 MP: 4/4
   479 | D:1      | Learned a level 1 spell: Apportation
   482 | D:1      | Learned a level 2 spell: Blink
   634 | D:1      | Reached skill level 1 in Fighting
  1175 | D:2      | Gained mutation: You sometimes gain a little power by
                  | taking damage. [demonic ancestry]
  1175 | D:2      | Reached XP level 3. HP: 18/26 MP: 5/5
  1582 | D:2      | Learned a level 2 spell: Scorch
  1844 | D:2      | Gained mutation: You have a pair of small antennae on your
                  | head. [demonic ancestry]
  1844 | D:2      | Reached XP level 4. HP: 30/33 MP: 4/6
  3143 | D:3      | Found a basalt altar of Yredelemnul.
  3187 | D:4      | Noticed a black bear
  3215 | D:3      | Slain by a black bear

Illustrated notes

Levels and vault maps discovered:
D:1:      elethiomel_arrival_quiet, layout_basic, serial_bayou,
          serial_bayou_pond_d, serial_bayou_pond_d, serial_bayou_shore_a,
          serial_bayou_pond_d, st_stairs_12, minmay_misc_feat_x, nrook_uturn,
          chequers_serial_rivers_micro_d
D:2:      layout_loops_ring
D:3:      layout_loops_ring, lemuel_zombie_altar_yredelemnul, feat_on_display
D:4:      layout_cave_pods, minmay_temple_entry_enclosed_plants,
          grunt_ministairs_13, minmay_pentangle, uniq_sigmund, uniq_pargi

Skill      XL: |  1  2  3  4 |
---------------+-------------+-----
Translocations | 3 |  3.0
Fighting       | 1 2 |  2.0
Dodging        | 2 |  2.5
Spellcasting   | 2 |  2.0
Short Blades   | |  0.4
Stealth        | |  0.3
Hexes          | |  3.0
Fire Magic     | |  0.6
Air Magic      | |  0.3
Alchemy        | |  0.1
Invocations    | |  1.2

Action                     |  1- 3 |  4- 6 || total
---------------------------+-------+-------++-------
  Melee: Club              |   110 |       ||   110
         Dagger            |   112 |   158 ||   270
   Cast: Scorch            |     4 |     9 ||    13
    Use: Potion            |     1 |       ||     1
   Stab: Sleeping          |     2 |     1 ||     3
 Armour: Robe              |   123 |   148 ||   271
         Skin              |    10 |       ||    10
  Dodge: Dodged            |   129 |   128 ||   257

Table legend: (Time is in decaauts)
 A = Elapsed time spent in this place.
 B = Non-inter-level travel time spent in this place.
 C = Inter-level travel time spent in this place.
 D = Time resting spent in this place.
 E = Time spent auto-exploring this place.
 F = Levels seen in this place.
 G = Mean time per level.
                   A        B        C        D        E       F      G
               +--------+--------+--------+--------+--------+-----+--------+
         Total |   3259 |   3190 |     69 |    689 |    941 |   4 |  814.8 |
       Dungeon |   3259 |   3190 |     69 |    689 |    941 |   4 |  814.8 |
               +--------+--------+--------+--------+--------+-----+--------+

Top non-repeatable levels by time:
     D:3: 1171 daAuts
     D:1: 1157 daAuts
     D:2: 926 daAuts
     D:4: 3 daAuts
